 Dungeon Crawl Stone Soup version 0.28-a0-241-gfbb0926a3a (webtiles) character file.

Game seed: 817375752009821717

12 Bleurghblblblrrrrrp the Stinger (level 2, 3/13 HPs)
             Began as a Vine Stalker Venom Mage on Aug 24, 2021.
             Quit the game on level 1 of the Dungeon.
             The game lasted 00:03:17 (525 turns).

Bleurghblblblrrrrrp the Stinger (VSVM)               Turns: 525, Time: 00:03:18

Health: 3/13       AC:  3    Str: 10    XL:     2   Next: 33%
Magic:  3/6        EV: 12    Int: 15    God:
Gold:   5          SH:  0    Dex: 14    Spells: 4/5 levels left

rFire   . . .      SeeInvis .   (no weapon)
rCold   . . .      Faith    .   (no shield)
rNeg    . . .      Spirit   +   a - +0 robe
rPois   .          Reflect  .   (no helmet)
rElec   .          Harm     .   c - +0 cloak
rCorr   .          Rampage  .   (no gloves)
Will    .....                   (no boots)
Stlth   ++........              (no amulet)
HPRegen 0.04/turn               (no ring)
MPRegen 0.10/turn               (no ring)

@: no status effects
A: fangs 2, magic shield, antimagic bite, no potion heal 2
a: no special abilities


You were on level 1 of the Dungeon.
You visited 1 branch of the dungeon, and saw 1 of its levels.

You collected 5 gold pieces.

Inventory:

Missiles
 Q - 7 stones (quivered)
Armour
 a - a +0 robe (worn)
 c - a +0 cloak (worn)
Scrolls
 b - a scroll of vulnerability {unknown}
 e - a scroll of amnesia {unknown}
Potions
 d - 2 potions of curing {unknown}


   Skills:
 - Level 1.5 Dodging
 - Level 2.4 Stealth
 + Level 0.2 Unarmed Combat
 - Level 2.1 Spellcasting
 - Level 1.0 Transmutations
 * Level 3.6 Poison Magic


You had 4 spell levels left.
You knew the following spells:

 Your Spells              Type           Power      Damage    Failure   Level
a - Sting                 Tmut/Pois      32%        1d4       9%          1

Your spell library contained the following spells:

 Spells                   Type           Power      Damage    Failure   Level
 Poisonous Vapours        Pois/Air       14%        N/A       16%         2
 Mephitic Cloud           Conj/Pois/Air  5%         N/A       36%         3
 Olgreb's Toxic Radiance  Pois           12%        N/A       43%         4


Dungeon Overview and Level Annotations

Branches:
Dungeon (1/15)

Altars:


Innate Abilities, Weirdness & Mutations

You have extremely sharp teeth.
When hurt, damage is shared between your health and your magic reserves.
Your bite disrupts and absorbs the magic of your enemies.
Potions cannot restore your health.


Message History

Unknown command.
Unknown command.
Unknown command.
Unknown command.
You hit the hobgoblin but do no damage.
You kill the hobgoblin!
Aim: a goblin, wielding a +0 dagger (60% to hit)
The sting misses the goblin.
The sting hits the bat.
The bat is poisoned.
The goblin misses you.
You now have 3/6 mp.
Aim: a goblin, wielding a +0 dagger (60% to hit)
The sting hits the goblin.
The goblin is poisoned.
You kill the goblin!
The bat hits you but does no damage.
You now have 2/6 mp.
You miss the bat. The bat hits you. The bat closely misses you.
The bat hits you.
You take 2 damage, and have 8/13 hp.
You are too injured to fight recklessly!
You are too injured to fight recklessly!
You closely miss the bat. The bat closely misses you. The bat hits you.
You take 1 damage, and have 7/13 hp.
You closely miss the bat. You bite the bat.
You kill the bat!
You hit the hobgoblin. You bite the hobgoblin. You drain its power.
You feel invigorated. The hobgoblin hits you.
* * * LOW HITPOINT WARNING * * *
You take 2 damage, and have 5/13 hp.
You regained 2 mp, and now have 4/6 mp.
Aim: a hobgoblin (almost dead, 68% to hit)
The sting misses the hobgoblin.
The hobgoblin hits you.
* * * LOW HITPOINT WARNING * * *
You take 2 damage, and have 3/13 hp.
You now have 3/6 mp.
Unknown command.
Aim: a hobgoblin (almost dead, 68% to hit)
The sting hits the hobgoblin.
The hobgoblin is poisoned.
You kill the hobgoblin!
Unknown command.
e - a scroll labelled JEGEKHL PIADAOHE
Things that are here:
a +0 dagger; a hobgoblin corpse; a bat corpse

##.#...... .........
########## .........
#... ....#
........####.. ..#.#
..........##.# #.#.#
.####..#..#.####.#.#
##g##......#.#.#
#b.#.#.####.#.#####
...#....@.........#
..##..>######..####
####...###......#
.......# #####.)#
.......# #..# ........#
#..# ........# #..####
....##### #.....# #
###################.####


There were no monsters in sight!

Levels and vault maps discovered:
D:1:      amcnicky_arrival_abandoned_market, layout_basic,
          minmay_close_crescents

Notes
Turn   | Place    | Note
-------+----------+-------------------------------------------
     0 | D:1      | Bleurghblblblrrrrrp the Vine Stalker Venom Mage began the
                  | quest for the Orb.
     0 | D:1      | Reached XP level 1. HP: 9/9 MP: 4/4
    42 | D:1      | Identified a +0 dagger
    59 | D:1      | Identified a +0 cloak
   333 | D:1      | Identified a +0 short sword of freezing
   341 | D:1      | Reached XP level 2. HP: 13/13 MP: 0/6
   500 | D:1      | Identified a +0 dagger
   521 | D:1      | HP: 3/13 [hobgoblin (2)]
   525 | D:1      | Quit the game

Table legend: (Time is in decaauts)
 A = Elapsed time spent in this place.
 B = Non-inter-level travel time spent in this place.
 C = Inter-level travel time spent in this place.
 D = Time resting spent in this place.
 E = Time spent auto-exploring this place.
 F = Levels seen in this place.
 G = Mean time per level.
                   A        B        C        D        E       F      G
               +--------+--------+--------+--------+--------+-----+--------+
         Total |    524 |    524 |      0 |      0 |    399 |   1 |  524.0 |
       Dungeon |    524 |    524 |      0 |      0 |    399 |   1 |  524.0 |
               +--------+--------+--------+--------+--------+-----+--------+

Top non-repeatable levels by time:
     D:1: 524 daAuts

Table legend:
 A = Kills in this place as a percentage of kills in entire the game.
 B = Kills by you in this place as a percentage of kills by you in the entire game.
 C = Kills by friends in this place as a percentage of kills by friends in the entire game.
 D = Other kills in this place as a percentage of other kills in the entire game.
 E = Experience gained in this place as a percentage of experience gained in the entire game.
 F = Experience gained in this place divided by the number of levels of this place that you have seen.
                   A       B       C       D       E      F
               +-------+-------+-------+-------+-------+----------------------
         Total | 100.0 | 100.0 |   N/A |   N/A | 100.0 |  18.0
       Dungeon | 100.0 | 100.0 |   N/A |   N/A | 100.0 |  18.0
               +-------+-------+-------+-------+-------+----------------------

Action                   || total
-------------------------++-------
Melee: Unarmed           ||    13
       Bite              ||     5
 Cast: Sting             ||    14
Armor: Robe              ||     3
Dodge: Dodged            ||    14

Vanquished Creatures
  An endoplasm (D:1)
  2 goblins (D:1)
  4 hobgoblins (D:1)
  A quokka (D:1)
  A bat (D:1)
  A kobold (D:1)
10 creatures vanquished.
